 Dungeon Crawl Stone Soup version 0.23.0-3-gf3c87f2df8 (webtiles) character file.

Game seed: 11395932936010682236

83 Chiseanne the Ducker (level 4, -2/30 HPs)
             Began as an Octopode Warper on Feb 21, 2019.
             Slain by an orc
             ... wielding a +0 flail
              (5 damage)
             ... on level 2 of the Dungeon.
             The game lasted 00:03:34 (1922 turns).

Chiseanne the Ducker (Octopode Warper)              Turns: 1922, Time: 00:03:34

Health: -2/30      AC:  1    Str: 11    XL:     4   Next: 44%
Magic:  7/8        EV: 14    Int: 15    God:
Gold:   132        SH:  0    Dex: 11    Spells: 8/8 levels left

rFire    . . .     SeeInvis .   a - +1 short sword
rCold    . . .     Gourm    .   (no shield)
rNeg     . . .     Faith    .   (helmet restricted)
rPois    .         Spirit   .   (no amulet)
rElec    .         Reflect  .   (no ring)
rCorr    .         Harm     .   (no ring)
MR       .....                  (no ring)
Stlth    +++.......             (no ring)
HPRegen  0.10/turn              (no ring)
MPRegen  0.11/turn              (no ring)
                                (no ring)
                                (no ring)

@: no status effects
A: almost no armour, stealthy swim, amphibious, 8 rings, constrict 8, camouflage
1, gelatinous body 1
a: no special abilities


You were on level 2 of the Dungeon.
You were not hungry.

You visited 1 branch of the dungeon, and saw 3 of its levels.

You collected 132 gold pieces.

Inventory:

Hand Weapons
 a - a +1 short sword (weapon)
Missiles
 b - 64 stones
 d - 5 tomahawks of dispersal (quivered)
 p - 8 curare-tipped needles
Scrolls
 c - a scroll of blinking
 h - a scroll of magic mapping
 n - a scroll of teleportation
Potions
 e - 2 potions of lignification
 g - a potion of curing
 i - 3 potions of invisibility
 j - a potion of resistance {unknown}
 k - a potion of mutation {unknown}
Comestibles
 f - 4 rations
 m - a chunk of flesh


   Skills:
 * Level 2.7 Fighting
 - Level 2.0 Short Blades
 - Level 1.0 Throwing
 * Level 3.1 Dodging
 * Level 2.6 Stealth
 * Level 2.6 Spellcasting
   Level 3.0 Translocations


You had 8 spell levels left.
You didn't know any spells.
Your spell library contained the following spells:

 Spells                   Type           Power        Failure   Level  Hunger
 Blink                    Tloc           N/A          9%          2    ##.....
 Shroud of Golubria       Chrm/Tloc      #.........   17%         2    ##.....
 Gell's Gravitas          Tloc           ##........   19%         3    ###....
 Lesser Beckoning         Tloc           ##........   19%         3    ###....
 Teleport Other           Tloc           ##......     19%         3    ###....
 Passage of Golubria      Tloc           N/A          52%         4    #####..


Dungeon Overview and Level Annotations

Branches:
Dungeon (3/15)

Altars:
Makhleb


Innate Abilities, Weirdness & Mutations

You cannot wear most types of armour.
You are very stealthy in the water. (Stealth+)
You are amphibious.
You can wear up to eight rings at the same time.
You can use your tentacles to constrict eight enemies at once.
Your skin changes colour to match your surroundings (Stealth+).
Your rubbery body absorbs attacks. (AC +1, EV +1)


Message History

You barely miss the orc. Your grab misses the orc.
The orc hits you with a +0 flail! The orc hits you with a +0 dagger.
* * * LOW HITPOINT WARNING * * *
You closely miss the orc. Your grab misses the orc. You squeeze the orc.
You kill the orc!
The orc hits you with a +0 flail.
* * * LOW HITPOINT WARNING * * *
The orc hits you with a +0 dagger.
* * * LOW HITPOINT WARNING * * *
You hit the orc.
You kill the orc!
The orc hits you with a +0 flail.
* * * LOW HITPOINT WARNING * * *
You hit the orc. You grab the orc.
The orc is moderately wounded.
You constrict the orc. The orc closely misses you.
You barely miss the orc.
The orc is heavily wounded.
You constrict the orc. The orc hits you with a +0 flail.
You die...

.###.......# ##....#
.#.........##########...##
........................#
........................#####
........................+...#
........................###.#
.........................<..#
...........[...)).......###.#
...............o@.......# #.#
...............)........# #.#
........................# #.#
..##########'###.####'### #.#
..# #.# #.# #.#####.##### ..#
#.# #.# #...........# ..# #.#
#.# ############# ..# #.# #.#
..# #.# #.#


You could see an orc.

Vanquished Creatures
  A hound (D:2)
  An adder (D:2)
  2 dart slugs
  A leopard gecko (D:2)
  3 orcs
  5 bats
  3 giant cockroaches
  7 goblins
  2 hobgoblins
  A quokka (D:2)
  A frilled lizard (D:1)
  4 kobolds
  4 rats
35 creatures vanquished.

Notes
Turn   | Place    | Note
-------+----------+-------------------------------------------
     0 | D:1      | Chiseanne the Octopode Warper began the quest for the Orb.
     0 | D:1      | Reached XP level 1. HP: 14/14 MP: 3/3
   426 | D:1      | Reached skill level 1 in Stealth
   426 | D:1      | Reached XP level 2. HP: 19/19 MP: 5/5
  1088 | D:2      | Found a burning altar of Makhleb.
  1103 | D:2      | Reached XP level 3. HP: 15/25 MP: 6/6
  1500 | D:2      | Reached XP level 4. HP: 22/30 MP: 7/7
  1850 | D:2      | Found a faded altar of an unknown god.
  1922 | D:2      | Slain by an orc

Skill      XL: |  1  2  3 |
---------------+----------+-----
Stealth        | 1 2 |  2.6
Dodging        | 3 |  3.1
Fighting       | |  2.7
Short Blades   | |  2.0
Throwing       | |  1.0
Spellcasting   | |  2.6
Translocations | |  3.0

Action                   |  1- 3 |  4- 6 || total
-------------------------+-------+-------++-------
Melee: Short sword       |    51 |    27 ||    78
       Constrict         |     8 |     6 ||    14
       Tentacles         |     6 |     3 ||     9
  Use: Scroll            |     2 |     5 ||     7
 Stab: Sleeping          |     7 |     3 ||    10
  Eat: Chunk             |     2 |     1 ||     3
Armor: Skin              |     5 |     7 ||    12
Dodge: Dodged            |    38 |    19 ||    57
